 Dungeon Crawl Stone Soup version 0.31-a0-691-g409c26aa35 (webtiles) character file.

Game seed: 14456977168320298292

175 qw the Shooter (level 5, -1/34 HPs)
             Began as a Gargoyle Hunter on Sept 6, 2023.
             Slain by an orc wizard
             ... wielding a +3 dagger
              (2 damage)
             ... on level 3 of the Dungeon.
             The game lasted 00:00:42 (1676 turns).

qw the Shooter (Gargoyle Hunter)                    Turns: 1676, Time: 00:00:42

Health: -1/34      AC:  7    Str: 14    XL:     5   Next: 55%
Magic:  5/5        EV: 11    Int: 10    God:
Gold:   92         SH:  0    Dex: 15    Spells: 4/4 levels left

rFire   . . .        Y - +1 shortbow
rCold   . . .        (shield currently unavailable)
rNeg    + . .        c - +0 leather armour
rPois   inf          (no helmet)
rElec   +            (no cloak)
rCorr   .            (no gloves)
SInv    .            (no boots)
Will    .....        (no amulet)
Stlth   +            (no ring)
HPRegen 0.25/turn    (no ring)
MPRegen 0.09/turn

%: no passive effects
@: confused
A: sickness immunity, AC +4, negative energy resistance 1, electricity
resistance, torment resistance 1, petrification resistance
a: no special abilities


You were on level 3 of the Dungeon.
You visited 1 branch of the dungeon, and saw 3 of its levels.

You collected 92 gold pieces.


Innate Abilities, Weirdness & Mutations

You are immune to sickness and miasma.
Your stone body is resilient. (AC +4)
You are immune to poison.
You resist negative energy. (rN+)
You are resistant to electric shocks. (rElec)
You are resistant to unholy torment.
You are immune to petrification.


   Skills:
 - Level 4.4 Fighting
 + Level 5.5 Ranged Weapons
 - Level 1.5 Dodging
 - Level 1.1 Stealth


You had 4 spell levels left.
You didn't know any spells.
Your spell library was empty.

Inventory:

Hand Weapons
 Y - a +1 shortbow (weapon)
Armour
 c - a +0 leather armour (worn)
Scrolls
 g - a scroll of identify
Potions
 d - a potion of enlightenment {unknown}
 e - a potion of resistance {unknown}
 f - a potion of might {unknown}
 h - a potion of experience {unknown}
 i - a potion of curing {unknown}

Dungeon Overview and Level Annotations

Branches:
Dungeon (3/15)

Altars:
Wu Jian

Annotations:
D:2 1 runed translucent door, Crazy Yiuf


Message History

Something hits you.
You shoot an arrow.
Something hits you but does no damage. x2
You shoot an arrow.
Something hits you but does no damage. x2
You shoot an arrow.
Something hits you but does no damage. x2
You shoot an arrow. Something completely misses you. Something hits you.
You shoot an arrow.
You hear some strange, mumbled words.
You are more confused.
Something hits you but does no damage. x3
You shoot an arrow. Something hits you. Something hits you but does no damage.
You shoot an arrow. Something hits you. Something hits you but does no damage.
You shoot an arrow.
Something hits you but does no damage. x2
You shoot an arrow.
Something hits you but does no damage. x2
You shoot an arrow. Something hits you. x2
You shoot an arrow.
An orc wizard appears from thin air!
Reactivating autopickup.
The orc wizard mumbles some strange words.
The orc wizard flickers and vanishes!
Deactivating autopickup; reactivate with Ctrl-A.
Something hits you but does no damage.
You hear some strange, mumbled words.
A magic dart appears from out of thin air!
The magic dart hits you.
You hear some strange, mumbled words.
You are more confused.
You shoot an arrow. Something hits you. Something hits you but does no damage.
You shoot an arrow. Something hits you.
You die...

.# .# #######
.# #.....# .#
#.....# .#
#.....## .#
#......###.#
#........@{#
#.....####{#
#.....# .#
####..#####)=
#...........#.
#...........#..
#...........#
..
#...........#
...
#<..........


There were no monsters in sight!

Vanquished Creatures
  A black bear (D:2)
  Natasha (D:2)
  2 adders (D:2)
  A dart slug (D:1)
  2 orcs (D:3)
  7 ball pythons
  An endoplasm (D:2)
  3 goblins
  3 hobgoblins
  2 jackals (D:1)
  2 quokkas (D:1)
  4 bats
  4 frilled lizards (D:2)
  7 kobolds
  5 rats
45 creatures vanquished.

Notes
Turn   | Place    | Note
-------+----------+-------------------------------------------
     0 | D:1      | qw the Gargoyle Hunter began the quest for the Orb.
     0 | D:1      | Reached XP level 1. HP: 12/12 MP: 1/1
     0 | D:1      | 0 ||| qw: Version: 0.3-a-76-g4403597
     0 | D:1      | 0 ||| qw: Game counter: 25
     0 | D:1      | 0 ||| qw: Melee chars always use a shield: true
     0 | D:1      | 0 ||| qw: God list: Okawaru
     0 | D:1      | 0 ||| qw: Allow faded altars: false
     0 | D:1      | 0 ||| qw: Do Orc after clearing Dungeon:15 true
     0 | D:1      | 0 ||| qw: Do second Lair branch before Depths: true
     0 | D:1      | 0 ||| qw: Lair rune preference: random
     0 | D:1      | 0 ||| qw: Goals: Normal
     0 | D:1      | 0 ||| PLANNING D:1-11
    53 | D:1      | You fall into a shaft and drop 1 floor!
    54 | D:2      | 54 ||| DROPPING scroll of butterflies.
    94 | D:1      | HP: 3/12 [quokka (4)]
   249 | D:1      | Reached XP level 2. HP: 17/17 MP: 2/2
   740 | D:1      | Reached XP level 3. HP: 21/21 MP: 3/3
   824 | D:1      | Reached skill level 5 in Ranged Weapons
   882 | D:1      | 882 ||| READING scroll labelled LOHIF ODWUON.
   990 | D:2      | Noticed a black bear
  1000 | D:2      | Killed a black bear
  1001 | D:2      | Reached XP level 4. HP: 15/30 MP: 4/4
  1001 | D:2      | Reached XP level 5. HP: 17/34 MP: 5/5
  1004 | D:2      | 1004 ||| FLEEEEING.
  1005 | D:2      | 1005 ||| FLEEEEING.
  1006 | D:2      | 1006 ||| FLEEEEING.
  1007 | D:2      | 1007 ||| FLEEEEING.
  1008 | D:2      | 1008 ||| FLEEEEING.
  1009 | D:2      | 1009 ||| FLEEEEING.
  1010 | D:2      | 1010 ||| FLEEEEING.
  1095 | D:2      | Found a runed translucent door.
  1096 | D:2      | Noticed Crazy Yiuf
  1143 | D:2      | Found an ornate altar of the Wu Jian Council.
  1379 | D:2      | Noticed Natasha
  1387 | D:2      | Killed Natasha
  1603 | D:2      | 1603 ||| READING scroll labelled PAIDIT HIROAHO.
  1604 | D:2      | 1604 ||| READING 3 scrolls labelled WEIMPUUSOS.
  1605 | D:2      | 1605 ||| READING scroll labelled AMASSE OXAON.
  1606 | D:2      | 1606 ||| READING 2 scrolls of identify.
  1606 | D:2      | 1606 ||| IDENTIFYING amethyst potion
  1607 | D:2      | 1607 ||| DROPPING potion of brilliance.
  1643 | D:3      | 1643 ||| Stepping ~*~*~tactically~*~*~ (outnumbered).
  1673 | D:3      | HP: 7/34 [something (5)]
  1675 | D:3      | HP: 1/34 [something (3)]
  1676 | D:3      | Slain by an orc wizard

Levels and vault maps discovered:
D:1:      minmay_arrival_jagged, layout_loops_corners, serial_glass,
          glass_columns_b, glass_columns_b, due_unseen_surprise,
          minmay_strange_pillars, chequers_garden,
          hangedman_abyss_or_decor_lesser_grid
D:2:      layout_basic, basic_altar, uniq_natasha, uniq_crazy_yiuf_cottage
D:3:      minmay_chambers_of_threes, layout_rooms,
          mainiacjoe_overflow_surrounded_room, grunt_gozag_breadcrumbs,
          nemelex_diamond_rough_becter, uniq_terence, uniq_robin, uniq_ijyb

Skill      XL: |  1  2  3 |
---------------+----------+-----
Ranged Weapons | 5 |  5.5
Fighting       | 4 |  4.4
Dodging        | |  1.5
Stealth        | |  1.1

Action                     |  1- 3 |  4- 6 || total
---------------------------+-------+-------++-------
   Fire: Shortbow          |    89 |    81 ||   170
    Use: Scroll            |     1 |     4 ||     5
 Armour: Leather armour    |    32 |    51 ||    83
  Dodge: Dodged            |    19 |    20 ||    39

Table legend:
 A = Non-vault XP
 B = Vault XP
 C = Vault XP percentage of total XP
 D = Non-vault monster count
 E = Vault monster count
 F = Vault count percentage of total count
                 A         B        C        D         E       F
            +---------+---------+-------+---------+---------+-------
      Total |     215 |      35 |  14.0 |      44 |       1 |   2.2
            +---------+---------+-------+---------+---------+-------
        D:1 |      39 |       0 |   0.0 |      23 |       0 |   0.0
        D:2 |     169 |      35 |  17.2 |      18 |       1 |   5.3
        D:3 |       7 |       0 |   0.0 |       3 |       0 |   0.0
            +---------+---------+-------+---------+---------+-------
